 Dungeon Crawl Stone Soup version 0.28-a0-1506-g3893175d92 (webtiles) character file.

Game seed: 13188675036853489375

1056 testman the Skirmisher (level 8, -3/67 HPs)
             Began as a Demonspawn Monk on Jan 13, 2022.
             Was an Elder of Lugonu.
             Slain by an orc warrior (14 damage)
             ... on level 6 of the Dungeon.
             The game lasted 00:27:00 (5968 turns).

testman the Skirmisher (Demonspawn Monk)            Turns: 5968, Time: 00:27:01

Health: -3/67      AC:  9    Str: 13    XL:     8   Next: 6%
Magic:  0/11       EV: 12    Int: 12    God:    Lugonu [****..]
Gold:   184        SH:  4    Dex: 26    Spells: 8/9 levels left

rFire   . . .      SeeInvis +   j - +0 trident
rCold   + . .      Faith    .   (no shield)
rNeg    + . .      Spirit   +   e - +1 ring mail {rN+}
rPois   .          Reflect  .   (no helmet)
rElec   .          Harm     .   (no cloak)
rCorr   .          Rampage  .   d - +0 pair of gloves
Will    .....                   (no boots)
Stlth   ++........              k - amulet of guardian spirit
HPRegen 0.21/turn               a - ring "Ohuy" {rC+ Dex+10 SInv}
MPRegen 0.12/turn               (no ring)

@: no status effects
A: rugged brown scales 2, condensation shield, demonic magic 1
a: Renounce Religion, Depart the Abyss, Bend Space, Banish, Corrupt


You were on level 6 of the Dungeon.
You worshipped Lugonu.
Lugonu was greatly pleased with you.
You visited 1 branch of the dungeon, and saw 6 of its levels.

You collected 184 gold pieces.

Inventory:

Hand Weapons
 j - a +0 trident (weapon)
Missiles
 c - 174 stones
 g - 38 sling bullets
 r - 8 javelins
 w - 3 boomerangs (quivered)
Armour
 b - a +0 robe
 d - a +0 pair of gloves (worn)
 e - a +1 ring mail of positive energy (worn)
Jewellery
 a - the ring "Ohuy" (left hand) {rC+ Dex+10 SInv}
   (You found it on level 3 of the Dungeon)

   [ring of see invisible]

   Dex:       It affects your dexterity (+10).
   rC:        It protects you from cold.
   SInv:      It lets you see invisible.
 k - an amulet of guardian spirit (around neck)
Wands
 h - a wand of flame (11)
 o - a wand of paralysis (1)
Scrolls
 f - 2 scrolls of fog
 i - a scroll of brand weapon {unknown}
 l - 4 scrolls of identify {unknown}
 n - a scroll of silence {unknown}
 p - 2 scrolls of holy word
 q - a scroll of vulnerability {unknown}
 s - a scroll of acquirement {unknown}
 u - a scroll of teleportation {unknown}
 v - a scroll of noise {unknown}
 y - a scroll of blinking {unknown}
Potions
 m - a potion of might {unknown}
 t - a potion of invisibility {unknown}
 x - a potion of mutation {unknown}
 z - a potion of curing


   Skills:
 + Level 5.9 Fighting
 + Level 5.4 Polearms
 + Level 2.0 Armour
 - Level 2.6 Dodging
 - Level 1.7 Stealth
 - Level 1.0 Spellcasting
 + Level 3.3 Hexes
 + Level 4.5 Invocations


You had 8 spell levels left.
You knew the following spells:

 Your Spells              Type           Power      Damage    Failure   Level
a - Slow                  Hex            32%        N/A       16%         1

Your spell library contained the following spells:

 Spells                   Type           Power      Damage    Failure   Level
 Confusing Touch          Hex            8%         N/A       43%         3
 Sandblast                Erth           0%         2d4       54%         1
 Passwall                 Tmut/Erth      0%         N/A       67%         2
 Conjure Flame            Conj/Fire      0%         6-21      88%         3
 Ignite Poison            Fire/Tmut/Pois 0%         N/A       88%         3
 Stone Arrow              Conj/Erth      0%         3d7       88%         3
 Vampiric Draining        Necr           0%         2d6       88%         3
 Animate Armour           Summ/Erth      0%         N/A       99%         4
 Sticky Flame             Conj/Fire      0%         2d3       99%         4
 Blade Hands              Tmut           0%         N/A       100%        5
 Iron Shot                Conj/Erth      0%         9d1       100%        6


Dungeon Overview and Level Annotations

Branches:
Dungeon (6/15)
 Temple: D:4-7

Altars:
Gozag
Hepliaklqana
Makhleb
Ru
Sif Muna
Trog
The Shining One
Lugonu

Annotations:
D:6 Grinder, Prince Ribbit


Innate Abilities, Weirdness & Mutations

You are mostly covered in rugged brown scales. (AC +2, +5% HP)
A meltable shield of frost defends you. (SH +4)
Spells you cast may paralyse adjacent enemies.


Message History

You hit the orc warrior.
The orc warrior is moderately wounded.
The orc barely misses you. You block the orc warrior's attack.
Okay, then.
Press: ? - help, v - describe, . - travel, g - get item
Here: an orc, wielding a +0 whip
Items here: a +0 hand axe; a +0 leather armour.
The floor, spattered with blood.
Okay, then.
You hit the orc.
The orc is severely wounded.
The orc barely misses you. The orc warrior barely misses you.
You barely miss the orc.
The orc is severely wounded.
The orc warrior is no longer moving slowly.
The orc barely misses you.
You hit the orc.
You kill the orc!
Lugonu accepts your kill. The orc warrior closely misses you.
You closely miss the orc warrior.
The orc warrior is moderately wounded.
The orc warrior closely misses you.
You puncture the orc warrior!
The orc warrior is heavily wounded.
The orc warrior completely misses you.
You barely miss the orc warrior.
The orc warrior is heavily wounded.
You hit the orc.
The orc is severely wounded.
The orc warrior hits you with a +1 vampiric scimitar.
* * * LOW HITPOINT WARNING * * *
The orc hits you with a +2 flail of holy wrath!
* * * LOW HITPOINT WARNING * * *
You convulse.
* * * LOW HITPOINT WARNING * * *
You closely miss the orc warrior.
The orc warrior is heavily wounded.
The orc warrior hits you with a +1 vampiric scimitar!
You die...

#.##..#.#
#.###.#.# #.#
#...# #.#
#...##########
#.#
#....).......#
#.#
##.#########.#
#.# #..# #.#
####o# #..#
#># #..o@#
#..## #.#
#.#### ##..#
#.# #.# #..#
#.# #.#
##.#######.#
#o#
#.>.......#
#o#
###########
#'#
#.....o...)
#..........


You could see an orc warrior and an orc.

Vanquished Creatures
  A hornet zombie (D:5)
  A sky beast (D:6)
  A necrophage (D:4)
  A phantom (D:4)
  A scorpion (D:4)
  A water moccasin skeleton (D:4)
  2 vampire bats (D:4)
  A bullfrog zombie (D:5)
  3 jellies
  2 centaur skeletons
  2 orc priests
  2 orc wizards
  A hound skeleton (D:4)
  7 adders
  A shadow imp (D:5)
  A white imp (D:5)
  2 adder skeletons (D:4)
  2 dart slugs
  20 orcs
  8 ball pythons
  8 bats
  5 endoplasms
  12 giant cockroaches
  3 goblins (D:1)
  5 hobgoblins
  8 jackals (D:5)
  5 kobolds
  4 quokkas
  2 frilled lizards
  8 rats
120 creatures vanquished.

Vanquished Creatures (others)
  2 plants (D:3)
2 creatures vanquished.

Grand Total: 122 creatures vanquished

Notes
Turn   | Place    | Note
-------+----------+-------------------------------------------
     0 | D:1      | testman the Demonspawn Monk began the quest for the Orb.
     0 | D:1      | Reached XP level 1. HP: 18/18 MP: 1/1
   186 | D:1      | Gained mutation: You are partially covered in rugged brown
                  | scales. (AC +1, +3% HP) [demonic ancestry]
   186 | D:1      | Reached XP level 2. HP: 18/24 MP: 2/2
   793 | D:2      | Reached XP level 3. HP: 24/30 MP: 3/3
  1161 | D:2      | You fall into a shaft and drop 2 floors!
  1178 | D:4      | Gained mutation: A meltable shield of frost defends you.
                  | (SH +4) [demonic ancestry]
  1178 | D:4      | Reached XP level 4. HP: 33/38 MP: 4/4
  1291 | D:3      | Identified the ring "Ohuy" {rC+ Dex+10 SInv}
  1753 | D:2      | Gained mutation: Spells you cast may paralyse adjacent
                  | enemies. [demonic ancestry]
  1753 | D:2      | Reached XP level 5. HP: 44/44 MP: 5/5
  1880 | D:2      | Found a sacrificial altar of Ru.
  1983 | D:2      | Found a faded altar of an unknown god.
  1987 | D:2      | Prayed at the altar of an unknown god.
  1987 | D:2      | Became a worshipper of Lugonu the Unformed
  1987 | D:2      | Reached * piety under Lugonu
  1987 | D:2      | Reached ** piety under Lugonu
  1987 | D:2      | Reached *** piety under Lugonu
  2095 | D:3      | Learned a level 1 spell: Slow
  2241 | D:3      | Paralysed by an orc for 5 turns
  2257 | D:3      | Paralysed by an orc for 3 turns
  2258 | D:3      | Reached skill level 1 in Invocations
  2467 | D:3      | Found a hazy altar of Hepliaklqana.
  2536 | D:3      | Found a faded altar of an unknown god.
  2536 | D:3      | Found a burning altar of Makhleb.
  2543 | D:3      | Found a faded altar of an unknown god.
  2545 | D:3      | Found a shimmering blue altar of Sif Muna.
  2888 | D:3      | Found an opulent altar of Gozag.
  2888 | D:3      | Found a bloodstained altar of Trog.
  3112 | D:4      | Reached skill level 1 in Hexes
  3236 | D:4      | Reached skill level 1 in Spellcasting
  3236 | D:4      | Reached XP level 6. HP: 51/51 MP: 7/7
  3248 | D:4      | Reached **** piety under Lugonu
  3352 | D:4      | Reached skill level 5 in Fighting
  3683 | D:4      | Gained mutation: You are mostly covered in rugged brown
                  | scales. (AC +2, +5% HP) [demonic ancestry]
  3683 | D:4      | Reached XP level 7. HP: 48/58 MP: 9/9
  4191 | D:5      | Entered Level 5 of the Dungeon
  4621 | D:5      | Reached skill level 5 in Polearms
  4669 | D:5      | Reached skill level 1 in Armour
  5238 | D:6      | Noticed Prince Ribbit
  5238 | D:6      | Noticed Grinder
  5850 | D:6      | Reached XP level 8. HP: 50/67 MP: 7/11
  5968 | D:6      | Slain by an orc warrior

Illustrated notes

Levels and vault maps discovered:
D:1:      lightli_arrival_windingriver, layout_basic
D:2:      layout_loops_ring, basic_altar, chequers_ecumenical_altar_twisty,
          minmay_worlds_worst_comb
D:3:      layout_basic, chequers_temple_overflow_minitemple,
          nicolae_hepliaklqana_hazy_memory, gammafunk_temple_overflow_elements
D:4:      layout_loops_ring, roderic_batcave
D:5:      layout_rooms, serial_rivers, chequers_serial_rivers_large_b,
          chequers_serial_rivers_micro_c, chequers_serial_rivers_room_a,
          chequers_serial_rivers_micro_c, chequers_serial_rivers_micro_b,
          chequers_serial_rivers_small_3, corexii_item_surrounded_by_moat
D:6:      layout_basic, uniq_prince_ribbit1, uniq_grinder, uniq_blork_the_orc

Skill      XL: |  1  2  3  4  5  6  7 |
---------------+----------------------+-----
Polearms       | 3 4 5 |  5.4
Fighting       | 4 5 |  5.9
Invocations    | 1 3 4 |  4.5
Hexes          | 1 2 3 |  3.3
Spellcasting   | 1 |  1.0
Armour         | 2 |  2.0
Dodging        | |  2.6
Stealth        | |  1.7

Action                   |  1- 3 |  4- 6 |  7- 9 || total
-------------------------+-------+-------+-------++-------
Melee: Spear             |   114 |       |       ||   114
       Trident           |     5 |   232 |   206 ||   443
       Punch             |     1 |     2 |     4 ||     7
Throw: Boomerang         |       |       |     6 ||     6
 Cast: Slow              |       |     1 |     3 ||     4
Invok: Bend Space        |       |     1 |     2 ||     3
  Use: Scroll            |       |     2 |       ||     2
       Potion            |       |     1 |       ||     1
 Stab: Sleeping          |     5 |    13 |     4 ||    22
       Paralysed         |       |     3 |     4 ||     7
       Distracted        |       |     1 |       ||     1
Armor: Robe              |    30 |    39 |       ||    69
       Ring mail         |       |    10 |    45 ||    55
Dodge: Dodged            |    44 |   124 |   102 ||   270
Block: Other             |       |    30 |    15 ||    45

Table legend: (Time is in decaauts)
 A = Elapsed time spent in this place.
 B = Non-inter-level travel time spent in this place.
 C = Inter-level travel time spent in this place.
 D = Time resting spent in this place.
 E = Time spent auto-exploring this place.
 F = Levels seen in this place.
 G = Mean time per level.
                   A        B        C        D        E       F      G
               +--------+--------+--------+--------+--------+-----+--------+
         Total |   6029 |   5891 |    138 |   1153 |   3564 |   6 | 1004.8 |
       Dungeon |   6029 |   5891 |    138 |   1153 |   3564 |   6 | 1004.8 |
               +--------+--------+--------+--------+--------+-----+--------+

Top non-repeatable levels by time:
     D:4: 1234 daAuts
     D:2: 1106 daAuts
     D:3: 1088 daAuts
     D:5: 1083 daAuts
     D:1: 779 daAuts
     D:6: 737 daAuts
